 Dungeon Crawl Stone Soup version 0.25.0-26-g0c896c7088 (webtiles) character file.

Game seed: 16367985531937705634

694 Dirian the Cleaver (level 7, -1/60 HPs)
             Began as a Minotaur Fighter on July 2, 2020.
             Killed by divine providence
             ... invoked by an orc priest
              (12 damage)
             ... on level 5 of the Dungeon.
             The game lasted 00:05:07 (3378 turns).

Dirian the Cleaver (Minotaur Fighter)               Turns: 3378, Time: 00:05:08

Health: -1/60      AC: 11    Str: 22    XL:     7   Next: 37%
Magic:  6/6        EV:  6    Int:  5    God:
Gold:   164        SH: 11    Dex: 10    Spells: 6/6 levels left

rFire    . . .     SeeInvis +   a - +1 war axe
rCold    . . .     Gourm    .   c - +1 kite shield
rNeg     . . .     Faith    .   f - +0 chain mail
rPois    .         Spirit   .   (helmet restricted)
rElec    .         Reflect  .   (no cloak)
rCorr    .         Harm     .   (no gloves)
MR       +....                  i - +0 pair of boots
Stlth    ..........             (no amulet)
HPRegen  0.20/turn              g - ring of see invisible
MPRegen  0.10/turn              j - ring of protection from magic

@: mighty
A: retaliatory headbutt, horns 2
a: no special abilities


You were on level 5 of the Dungeon.
You were not hungry.

You visited 1 branch of the dungeon, and saw 5 of its levels.

You collected 254 gold pieces.
You spent 90 gold pieces at shops.

Inventory:

Hand Weapons
 a - a +1 war axe (weapon)
Armour
 c - a +1 kite shield (worn)
 f - a +0 chain mail (worn)
 i - a +0 pair of boots (worn)
Jewellery
 g - a ring of see invisible (left hand)
 j - a ring of protection from magic (right hand)
Scrolls
 t - a scroll of teleportation
 x - 2 scrolls of remove curse
 z - a scroll of blinking
Potions
 b - a potion of stabbing {unknown}
 d - a potion of might
 m - a potion of mutation
 p - a potion of ambrosia
 q - 3 potions of curing
 s - a potion of brilliance {unknown}
 u - a potion of haste {unknown}
Comestibles
 e - 8 rations


   Skills:
 + Level 4.8 Fighting
 * Level 8.1 Axes
 + Level 5.0 Armour
 + Level 5.0 Shields


You had 6 spell levels left.
You didn't know any spells.
Your spell library contained the following spells:

 Spells                   Type           Power        Failure   Level  Hunger
 Summon Butterflies       Summ           #.......     100%        1    ##.....
 Call Canine Familiar     Summ           #.......     100%        3    ####...
 Summon Ice Beast         Ice/Summ       #.......     100%        4    #####..
 Summon Mana Viper        Hex/Summ       #.......     100%        5    ######.
 Summon Hydra             Summ           #.........   100%        7    #######


Dungeon Overview and Level Annotations

Branches:
Dungeon (5/15)
 Temple: D:4-7

Altars:
Cheibriados
Nemelex Xobeh
Zin


Innate Abilities, Weirdness & Mutations

You reflexively headbutt those who attack you in melee.
You have a pair of horns on your head.


Message History

You closely miss the orc wizard. Your headbutt misses the orc wizard.
The orc wizard is lightly wounded.
Your shield and chain mail prevent you from hitting the wyvern zombie.
The wyvern zombie bites you but does no damage.
You block the orc wizard's attack.
The orc priest mumbles some strange prayers to Beogh against you.
Beogh smites you!
The wyvern zombie bites you but does no damage.
The orc wizard points at you and mumbles some strange words.
The magic dart hits you.
You slash the orc wizard! You headbutt the orc wizard.
You kill the orc wizard!
You slash the wyvern zombie!
The orc priest invokes the aid of Beogh against you.
Beogh smites you!
* * * LOW HITPOINT WARNING * * *
You block the wyvern zombie's attack.
The orc priest mumbles some strange prayers to Beogh against you.
Beogh smites you!
You die...

### ..# #.. .. ..# #(..
#.# #... #(# #...
######### #Z# #...
........# #@###.#
$!......####o##..######
......Z.o...5o........#
......5o..o...........#
...................<..#
..................[...#
...........#........###
....................#
...####...#...).....#


You could see an orc priest, a shadow imp, 2 orcs and a wyvern zombie.

Vanquished Creatures
  2 ogres (D:4)
  A howler monkey (D:4)
  A crimson imp (D:5)
  A hound (D:4)
  A centaur skeleton (D:4)
  2 orc priests
  4 orc wizards
  2 bullfrog skeletons (D:4)
  A worker ant (D:4)
  A gnoll (D:1)
  5 adders
  An ooze (D:2)
  3 worms
  3 dart slugs
  5 leopard geckos
  4 orcs
  6 bats
  5 giant cockroaches
  9 goblins
  3 hobgoblins
  5 jackals
  A quokka (D:4)
  5 ball pythons
  6 frilled lizards
  5 kobolds
  A leopard gecko skeleton (D:4)
  7 rats
90 creatures vanquished.

Notes
Turn   | Place    | Note
-------+----------+-------------------------------------------
     0 | D:1      | Dirian the Minotaur Fighter began the quest for the Orb.
     0 | D:1      | Reached XP level 1. HP: 19/19 MP: 0/0
   170 | D:1      | Reached XP level 2. HP: 27/27 MP: 1/1
   257 | D:1      | Reached skill level 3 in Axes
   288 | D:1      | Reached XP level 3. HP: 33/33 MP: 2/2
   931 | D:2      | Found a sparkling altar of Nemelex Xobeh.
   946 | D:2      | Reached XP level 4. HP: 40/40 MP: 3/3
   985 | D:2      | Reached skill level 4 in Axes
  2013 | D:3      | Reached skill level 5 in Axes
  2013 | D:3      | Reached XP level 5. HP: 29/47 MP: 4/4
  2237 | D:4      | Reached skill level 6 in Axes
  2311 | D:4      | Found a glowing silver altar of Zin.
  2312 | D:4      | Found Zin's Purification Station.
  2314 | D:4      | Noticed an ogre
  2322 | D:4      | Reached XP level 6. HP: 20/53 MP: 5/5
  2332 | D:4      | Bought a potion of curing for 90 gold pieces
  2881 | D:4      | Found a snail-covered altar of Cheibriados.
  2894 | D:4      | Reached skill level 7 in Axes
  3191 | D:5      | Entered Level 5 of the Dungeon
  3205 | D:4      | Reached XP level 7. HP: 39/60 MP: 6/6
  3330 | D:5      | Reached skill level 8 in Axes
  3330 | D:5      | Reached skill level 5 in Armour
  3330 | D:5      | Reached skill level 5 in Shields
  3378 | D:5      | Killed from afar by an orc priest

Illustrated notes

Levels and vault maps discovered:
D:1:      minmay_arrival_widening_spiral_wide, layout_rooms, serial_forest,
          infiniplex_forest_clump_long, infiniplex_forest_straight_1,
          infiniplex_forest_corner_1, infiniplex_forest_end_3,
          minmay_misc_feat_square, kennysheep_doodads, minmay_split_cup_large
D:2:      layout_rooms, nemelex_xobeh_ov_fountains_minmay, first_ration,
          chequers_serial_rivers_large_a, kennysheep_generic_room_4
D:3:      layout_rooms
D:4:      layout_loops_ring, cheibriados_altar_1, zin_purify
D:5:      layout_rooms, minmay_temple_entry_tees, serial_shops,
          kennysheep_little_box, uniq_crazy_yiuf_cottage

Skill      XL: |  1  2  3  4  5  6  7 |
---------------+----------------------+-----
Fighting       | 4 |  4.8
Armour         | 4 5 |  5.0
Shields        | 4 5 |  5.0
Axes           | 3 5 6 7 8 |  8.1

Action                   |  1- 3 |  4- 6 |  7- 9 || total
-------------------------+-------+-------+-------++-------
Melee: War axe           |    84 |   112 |    16 ||   212
       Headbutt          |    11 |    21 |     4 ||    36
  Use: Scroll            |       |    11 |       ||    11
       Potion            |       |       |     2 ||     2
  Eat: Chunk             |       |     7 |     1 ||     8
Armor: Scale mail        |    48 |    16 |       ||    64
       Chain mail        |       |    29 |    10 ||    39
Dodge: Dodged            |    42 |    23 |     2 ||    67
Block: Kite shield       |    55 |    58 |    17 ||   130
